 Dungeon Crawl Stone Soup version 0.16.1-7-g2c6721e (webtiles) character file.

623 Jackel the Cudgeler (level 7, 0/50 HPs)
             Began as a Demonspawn Gladiator on Mar 30, 2015.
             Was a Believer of Okawaru.
             Killed by nerve-wracking pain
             ... invoked by an orc priest
              (13 damage)
             ... on level 5 of the Dungeon.
             The game lasted 00:12:10 (4954 turns).

Jackel the Cudgeler (Demonspawn Gladiator)          Turns: 4954, Time: 00:12:11

Health: 0/50       AC: 13    Str: 15    XL:     7   Next: 22%
Magic:  7/7        EV:  4    Int: 11    God:    Okawaru [**....]
Gold:   157        SH:  0    Dex: 14    Spells: 0 memorised, 6 levels left

rFire  . . .     SeeInvis .     s - +1 mace
rCold  . . .     Clarity  .     t - +1 plate armour
rNeg   + . .     SustAb   .     (no shield)
rPois  .         Gourm    .     c - +0 helmet
rElec  .         Spirit   .     (no cloak)
rCorr  .         Warding  +     (no gloves)
rMut   .         Stasis   .     (no boots)
MR     .....                    g - amulet of warding
Stlth  ..........               (no ring)
                                (no ring)

@: lethally poisoned (0 -> -6), not resistant to hostile enchantments, extremely
unstealthy
A: hooves 1, icy blue scales 1, demonic guardian 1, nightstalker 2
a: Heroism, Renounce Religion


You were on level 5 of the Dungeon.
You worshipped Okawaru.
Okawaru was pleased with you.
You were not hungry.

You visited 1 branch of the dungeon, and saw 5 of its levels.

You collected 157 gold pieces.

Inventory:

Hand weapons
 a - a +0 flail
 s - a +1 mace (weapon)
Missiles
 d - 4 throwing nets (quivered)
 p - 8 silver javelins
Armour
 c - a +0 helmet (worn)
 t - a +1 plate armour (worn)
Jewellery
 g - an amulet of warding (around neck)
 x - an uncursed ring of positive energy {unknown}
Scrolls
 b - a scroll of recharging
 l - a scroll of fear {unknown}
 m - a scroll of random uselessness {unknown}
 o - 4 scrolls of remove curse {unknown}
 r - a scroll of magic mapping {unknown}
 y - a scroll of enchant armour
 B - a scroll of identify
Potions
 h - a potion of cure mutation
 j - a potion of brilliance
 n - a potion of restore abilities
 q - 2 potions of might
 A - a potion of agility
Comestibles
 f - 2 bread rations
 i - 2 meat rations
 v - 9 fruits


   Skills:
 - Level 2.0 Fighting
 * Level 7.7 Maces & Flails
 - Level 1.7 Throwing
 - Level 2.6 Dodging


You had 6 spell levels left.
You didn't know any spells.

Dungeon Overview and Level Annotations

Branches:
Dungeon (5/15)
 Temple: D:4-7

Altars:
Ashenzari
Makhleb
Nemelex Xobeh
Okawaru
Trog
Zin


Innate Abilities, Weirdness & Mutations

You have large cloven feet.
You are partially covered in icy blue scales (AC +1).
A weak demonic guardian rushes to your aid.
You are significantly more attuned to the shadows.


Message History

Something hits you but does no damage.
You are more poisoned.
Read which item? (? for menu, Esc to quit)
As you read the scroll labeled KAGRET IDENESA, it crumbles to dust.
You hear a loud clanging noise!
It was a scroll of noise.
* * * LOW HITPOINT WARNING * * *
You feel very sick.
You hear a shout! x4
The orc priest mumbles some strange prayers to Beogh against you.
Something smites you!
* * * LOW HITPOINT WARNING * * *
Something hits you but does no damage.
Drink which item? (? for menu, Esc to quit)
You feel better. Something hits you but does no damage.
You are poisoned.
The orc barely misses you.
The orc priest mumbles some strange prayers to Beogh against you.
Pain shoots through your body!
You die...

......##...#.......##.###
.....(.##...#....#+###.###
.............#....#.......+
.............+....+.......#
##...(###...#...(#..##...#
.##..).###...#... #..###+##
..............# #.......#
.............# #.......+
.........{@o.+ +...<...#
##....###o### ######+##
#....##......#
.....#......+ ...#......#
#...... #..... ...


You could see an orc priest and an orc.

Vanquished Creatures
  A sky beast (D:5)
  A scorpion (D:4)
  2 orc priests (D:4)
  A centaur skeleton (D:4)
  An iguana (D:4)
  A worker ant (D:4)
  5 gnolls
  7 adders
  3 worms
  3 giant geckos
  6 orcs
  2 ball pythons
  13 bats
  5 giant cockroaches
  6 hobgoblins
  4 jackals (D:3)
  6 kobolds
  A giant gecko skeleton (D:4)
  7 giant newts
  6 goblins
  A quokka (D:4)
  6 rats
88 creatures vanquished.

Vanquished Creatures (collateral kills)
  A sky beast (D:5)
  The ghost of Jackel the Magician, an average HEWz (D:3)
  A hound (D:4)
  A worker ant (D:4)
  A gnoll (D:4)
  An orc (D:4)
  A giant newt (D:4)
  A goblin (D:3)
  2 kobolds
10 creatures vanquished.

Vanquished Creatures (others)
  A crimson imp (D:3)
  2 quasits
  An iron imp (D:3)
  3 white imps
  4 ufetubi
11 creatures vanquished.

Grand Total: 109 creatures vanquished

Notes
Turn   | Place    | Note
--------------------------------------------------------------
     0 | D:1      | Jackel, the Demonspawn Gladiator, began the quest for the Orb.
     0 | D:1      | Reached XP level 1. HP: 16/16 MP: 1/1
    47 | D:1      | Reached skill level 3 in Maces & Flails
   574 | D:2      | Gained mutation: You have large cloven feet. [demonic ancestry]
   574 | D:2      | Reached XP level 2. HP: 20/22 MP: 2/2
   966 | D:2      | Gained mutation: You are partially covered in icy blue scales (AC +1). [demonic ancestry]
   966 | D:2      | Reached XP level 3. HP: 22/27 MP: 3/3
  1022 | D:2      | Reached skill level 4 in Maces & Flails
  1265 | D:2      | Found a burning altar of Makhleb.
  1324 | D:2      | Found a shattered altar of Ashenzari.
  1605 | D:3      | Found an iron altar of Okawaru.
  1623 | D:3      | Became a worshipper of Warmaster Okawaru
  1637 | D:3      | Gained mutation: A weak demonic guardian rushes to your aid. [demonic ancestry]
  1637 | D:3      | Reached XP level 4. HP: 24/33 MP: 4/4
  2137 | D:3      | Noticed Jackel's ghost (average HEWz)
  2174 | D:3      | Killed Jackel's ghost
  2174 | D:3      | Reached skill level 5 in Maces & Flails
  2174 | D:3      | Gained mutation: You are slightly more attuned to the shadows. [demonic ancestry]
  2174 | D:3      | Reached XP level 5. HP: 31/38 MP: 5/5
  2252 | D:3      | Noticed an ogre
  2601 | D:3      | Found a glowing silver altar of Zin.
  3445 | D:4      | Found a bloodstained altar of Trog.
  3527 | D:4      | Reached skill level 6 in Maces & Flails
  3751 | D:4      | Acquired Okawaru's first power
  3751 | D:4      | Reached XP level 6. HP: 22/44 MP: 6/6
  3937 | D:4      | Found a sparkling altar of Nemelex Xobeh.
  4531 | D:4      | Reached skill level 7 in Maces & Flails
  4618 | D:5      | Entered Level 5 of the Dungeon
  4689 | D:5      | Gained mutation: You are significantly more attuned to the shadows. [demonic ancestry]
  4689 | D:5      | Reached XP level 7. HP: 30/50 MP: 7/7
  4954 | D:5      | Killed from afar by an orc priest

Action                   |  1- 3 |  4- 6 |  7- 9 || total
-------------------------+-------+-------+-------++-------
Melee: Flail             |   120 |    11 |       ||   131
       Mace              |       |   295 |    36 ||   331
Throw: Throwing net      |     4 |     2 |       ||     6
  Use: Scroll            |       |     7 |     5 ||    12
       Potion            |       |       |     2 ||     2
 Stab: Held in net/web   |     3 |     1 |       ||     4
       Distracted        |       |       |     1 ||     1
  Eat: Chunk             |     2 |    10 |       ||    12
       Beef jerky        |       |       |     1 ||     1
